[Event "Ch FRA 2024 Open C"]
[Site "ALPE D'HUEZ, France"]
[Date "2024.08.17"]
[Round "1.1"]
[White "PRUDENT, Sylvio"]
[Black "RAHNAMA, Matin"]
[Result "1/2-1/2"]
[ECO "A06"]
[WhiteElo "1785"]
[BlackElo "1880"]
[PlyCount "100"]
[EventDate "2024.??.??"]
[TimeControl "90/40+30:0"]

1. b3 {1} c5 {218} 2. Bb2 {8} d5 {8} 3. e3 {12} Nc6 {12} 4. Nf3 {20} Nf6 {94}
5. d4 {62} Bg4 {30} 6. Nbd2 {97} cxd4 {78} 7. exd4 {27} e6 {14} 8. a3 {56} Ne4
{335} 9. Be2 {49} Be7 {243} 10. O-O {36} O-O {30} 11. h3 {196} Bh5 {73} 12. Re1
{289} f5 {263} 13. Nf1 {362} Qb6 {222} 14. c4 {758} Na5 {477} 15. N3d2 {297}
Bxe2 {139} 16. Qxe2 {50} Bh4 {532} 17. g3 {119} Bg5 {65} 18. c5 {47} Qc7 {257}
19. b4 {541} Bxd2 {458} 20. Nxd2 {40} Nxd2 {84} 21. bxa5 {62} Ne4 {82} 22. Kg2
{28} Rf6 {154} 23. Rad1 {745} f4 {395} 24. f3 {383} Nxg3 {91} 25. Qe5 {38} Qf7
{252} 26. Kf2 {155} Re8 {297} 27. a6 {233} Rh6 {507} 28. axb7 {62} Qxb7 {44}
29. Bc1 {95} Rxh3 {150} 30. Bxf4 {224} Nh5 {95} 31. Rb1 {410} Qf7 {15} 32. Rb8
{32} h6 {324} 33. Rxe8+ {115} Qxe8 {1} 34. Qb8 {85} Kf7 {141} 35. Qxe8+ {22}
Kxe8 {17} 36. Be5 {118} Kd7 {57} 37. Rb1 {96} Kc6 {147} 38. Rb8 {118} g5 {63}
39. Rc8+ {17} Kb7 {2} 40. Rc7+ {21} Ka6 {0} 41. Rc6+ {45} Kb5 {80} 42. Rxe6 {
153} Nf4 {29} 43. Bxf4 {1065} gxf4 {2} 44. Rg6 {70} Rh2+ {54} 45. Ke1 {305} Kc4
{354} 46. c6 {35} Kd3 {7} 47. Kf1 {380} Kxd4 {100} 48. Rg2 {37} Rh1+ {211} 49.
Rg1 {15} Rh2 {38} 50. Rg6 {151} Ke5 {4} 1/2-1/2

[Event "Ch FRA 2024 Open C"]
[Site "ALPE D'HUEZ, France"]
[Date "2024.08.17"]
[Round "1.2"]
[White "DENIS, Vincent"]
[Black "RENARD, Emmanuel"]
[Result "0-1"]
[ECO "A45"]
[WhiteElo "1861"]
[BlackElo "1784"]
[PlyCount "80"]
[EventDate "2024.??.??"]
[TimeControl "90/40+30:0"]

1. d4 {11} Nf6 {8} 2. Bf4 {47} d5 {51} 3. Nc3 {14} a6 {263} 4. e3 {17} Bf5 {129
} 5. f3 {247} h5 {261} 6. Bd3 {350} Bxd3 {201} 7. Qxd3 {156} e6 {38} 8. Nh3 {
678} c5 {225} 9. Ng5 {493} Nc6 {423} 10. O-O {345} cxd4 {583} 11. exd4 {41} Bd6
{122} 12. Ne2 {427} Rc8 {213} 13. c3 {127} Ne7 {62} 14. Rae1 {279} Nf5 {84} 15.
Ng3 {571} Bxf4 {1040} 16. Qxf5 {47} Bxg5 {32} 17. Qxg5 {98} Kf8 {588} 18. Re2 {
184} h4 {171} 19. Nh1 {13} Rh5 {23} 20. Qf4 {53} Qc7 {49} 21. Qd2 {117} Ke7 {
262} 22. Rfe1 {62} g5 {86} 23. Nf2 {83} Rg8 {16} 24. Re5 {113} Kd8 {454} 25.
Ng4 {147} Nd7 {26} 26. R5e2 {78} Qf4 {49} 27. Qd3 {123} Nf6 {200} 28. h3 {230}
Rhh8 {223} 29. a4 {143} Nh5 {103} 30. c4 {66} Qg3 {28} 31. Qb3 {262} Nf4 {67}
32. Qb6+ {61} Kc8 {82} 33. cxd5 {178} Nxh3+ {106} 34. Kf1 {2} Nf4 {9} 35. Rc2+
{308} Kb8 {8} 36. dxe6 {289} h3 {31} 37. Qc7+ {41} Ka8 {8} 38. gxh3 {32} Qxf3+
{55} 39. Kg1 {26} Nxh3+ {10} 40. Kh2 {8} Nf4+ {12} 0-1

[Event "Ch FRA 2024 Open C"]
[Site "ALPE D'HUEZ, France"]
[Date "2024.08.17"]
[Round "1.3"]
[White "RODIONOV, Vadim"]
[Black "ROUX, Bastien"]
[Result "1-0"]
[ECO "E41"]
[WhiteElo "1784"]
[BlackElo "1849"]
[PlyCount "81"]
[EventDate "2024.??.??"]
[TimeControl "90/40+30:0"]

1. d4 {19} Nf6 {23} 2. c4 {37} e6 {18} 3. Nc3 {39} Bb4 {52} 4. e3 {47} c5 {63}
5. Bd3 {98} Nc6 {52} 6. Nf3 {27} Bxc3+ {95} 7. bxc3 {16} d6 {30} 8. e4 {447} e5
{29} 9. d5 {6} Ne7 {680} 10. h3 {63} Ng6 {195} 11. O-O {79} O-O {65} 12. Nh2 {
256} Qe7 {1709} 13. f4 {213} exf4 {153} 14. Qf3 {14} Qe5 {467} 15. Bxf4 {132}
Nxf4 {49} 16. Qxf4 {3} Qxc3 {84} 17. Rad1 {8} Qe5 {63} 18. Qf3 {156} Bd7 {105}
19. Rf2 {52} Rae8 {64} 20. Re2 {144} a6 {110} 21. Rb1 {45} Rb8 {107} 22. Rb6 {
68} Bc8 {1004} 23. Qf2 {41} Nd7 {168} 24. Nf3 {12} Qe7 {17} 25. Rb1 {66} b6 {44
} 26. Rbe1 {69} Ne5 {76} 27. Nxe5 {27} Qxe5 {9} 28. Rb2 {21} Bd7 {30} 29. Reb1
{23} Qc3 {79} 30. Rb3 {7} Qa5 {80} 31. Qb2 {36} b5 {51} 32. e5 {332} b4 {54}
33. Qc2 {497} Ba4 {86} 34. Bxh7+ {80} Kh8 {5} 35. Qe4 {120} Bxb3 {19} 36. Qh4 {
7} Qd8 {350} 37. Qh5 {2} Re8 {12} 38. Bg6+ {15} Kg8 {8} 39. Qh7+ {1} Kf8 {5}
40. Rf1 {29} f6 {222} 41. Qh8+ {16} 1-0

[Event "Ch FRA 2024 Open C"]
[Site "ALPE D'HUEZ, France"]
[Date "2024.08.17"]
[Round "1.4"]
[White "MAUGOUT, Florian"]
[Black "GREGO, Pierre"]
[Result "0-1"]
[ECO "A25"]
[WhiteElo "1847"]
[BlackElo "1783"]
[PlyCount "36"]
[EventDate "2024.??.??"]
[TimeControl "90/40+30:0"]

1. c4 {3} e5 {10} 2. Nc3 {23} Nc6 {17} 3. e3 {23} f5 {62} 4. d4 {62} Nf6 {96}
5. dxe5 {506} Nxe5 {16} 6. Nf3 {130} Nf7 {279} 7. Bd3 {334} g6 {40} 8. O-O {332
} Bg7 {6} 9. e4 {74} fxe4 {162} 10. Nxe4 {39} Nxe4 {307} 11. Bxe4 {164} c6 {74}
12. Re1 {271} O-O {73} 13. Rb1 {360} d6 {288} 14. b4 {952} Bg4 {367} 15. h3 {
295} Bxf3 {169} 16. Qxf3 {280} Ne5 {420} 17. Qb3 {385} Qh4 {341} 18. f4 {275}
Qxe1+ {89} 0-1

[Event "Ch FRA 2024 Open C"]
[Site "ALPE D'HUEZ, France"]
[Date "2024.08.18"]
[Round "2.1"]
[White "ASSOUANE, Aksel"]
[Black "SAHAKYAN, Karen"]
[Result "1-0"]
[ECO "B30"]
[WhiteElo "1795"]
[BlackElo "1846"]
[PlyCount "87"]
[EventDate "2024.??.??"]
[TimeControl "90/40+30:0"]

1. e4 {9} c5 {1403} 2. Nf3 {8} e6 {4} 3. d3 {42} Nc6 {13} 4. g3 {36} b6 {93} 5.
Bg2 {16} Bb7 {4} 6. O-O {38} g6 {9} 7. Nbd2 {617} Bg7 {62} 8. Nc4 {85} d5 {258}
9. exd5 {23} exd5 {34} 10. Re1+ {76} Nge7 {49} 11. Nce5 {47} O-O {77} 12. Nxc6
{428} Nxc6 {85} 13. c3 {207} Qd7 {637} 14. d4 {55} Rfe8 {96} 15. Rxe8+ {0} Rxe8
{326} 16. Be3 {0} Qd6 {483} 17. Qd2 {0} Na5 {162} 18. b3 {0} c4 {219} 19. b4 {0
} Nc6 {148} 20. Re1 {0} f6 {668} 21. h4 {0} a5 {538} 22. b5 Ne7 23. Bf4 Qa3 24.
Bc7 Qa4 {0} 25. Qb2 {943} Kf7 {17} 26. Bxb6 {216} Bc8 {0} 27. Bc5 {310} Be6 {0}
28. Bf1 {658} Bf8 29. Bg2 {1583} Rb8 {35} 30. Qe2 {0} Bg4 {121} 31. Bxe7 Re8
32. Ng5+ fxg5 {0} 33. Qxg4 {0} Rxe7 {607} 34. Bxd5+ {0} Kg7 {47} 35. Rxe7+ {0}
Bxe7 {10} 36. Qe6 {111} Qa3 {4} 37. Qf7+ {0} Kh6 {27} 38. hxg5+ {18} Bxg5 {54}
39. Qf3 {91} Bd2 {106} 40. b6 {241} Qd6 {210} 41. b7 {23} Bg5 {18} 42. Bxc4 {74
} Bd8 {4} 43. Qd5 {168} Qb6 {52} 44. Qb5 {35} 1-0

[Event "Ch FRA 2024 Open C"]
[Site "ALPE D'HUEZ, France"]
[Date "2024.08.18"]
[Round "2.2"]
[White "ROZEC, Mialy"]
[Black "BOURNIQUE, Bruno"]
[Result "0-1"]
[ECO "E94"]
[WhiteElo "1845"]
[BlackElo "1796"]
[PlyCount "160"]
[EventDate "2024.??.??"]
[TimeControl "90/40+30:0"]

1. d4 {5} g6 {60} 2. Nf3 {12} Bg7 {12} 3. c4 {7} Nf6 {92} 4. Nc3 {7} d6 {23} 5.
e4 {31} O-O {93} 6. Be2 {66} Nbd7 {868} 7. O-O {57} e5 {338} 8. d5 {334} Nc5 {
328} 9. Nd2 {111} a5 {56} 10. b3 {25} h6 {259} 11. Rb1 {48} Nh7 {119} 12. a3 {
240} f5 {42} 13. f3 {12} f4 {15} 14. b4 {7} axb4 {4} 15. axb4 {5} Nd7 {26} 16.
Qb3 {129} Ndf6 {195} 17. c5 {184} Rf7 {83} 18. Nc4 {301} Ne8 {24} 19. Ba3 {93}
g5 {588} 20. b5 {239} g4 {434} 21. fxg4 {581} Bf8 {190} 22. b6 {1367} Nhf6 {235
} 23. bxc7 {141} Rxc7 {133} 24. cxd6 {95} Nxd6 {570} 25. Bxd6 {1478} Bxd6 {261}
26. h3 {314} Rg7 {185} 27. Kh1 {197} h5 {16} 28. Nxd6 {53} Qxd6 {25} 29. gxh5 {
14} Rg3 {162} 30. Qb6 {124} Qxb6 {347} 31. Rxb6 {1} Kg7 {11} 32. Bf3 {65} Ra3 {
159} 33. Ne2 {19} Rg5 {286} 34. h4 {18} Rxh5 {63} 35. Bxh5 {6} Nxh5 {8} 36. Rc1
{32} Bg4 {69} 37. Rc7+ {8} Kf8 {39} 38. Rbxb7 {33} Ra8 {61} 39. Rb2 {102} Bxe2
{39} 40. Rh7 {26} Ng3+ {47} 41. Kh2 {28} Kg8 {59} 42. Re7 {535} Kf8 {817} 43.
Rh7 {388} Kg8 {19} 44. Rc7 {80} Nf1+ {696} 45. Kg1 {116} Ng3 {5} 46. Kf2 {72}
Bg4 {16} 47. Rc4 {292} Nh1+ {21} 48. Ke1 {29} Ng3 {66} 49. Kd2 {320} Nf1+ {82}
50. Kc1 {23} Ra1+ {21} 51. Kc2 {71} Ne3+ {13} 52. Kb3 {81} Nxc4 {56} 53. Kxc4 {
6} Rc1+ {41} 54. Kb5 {75} Kf7 {25} 55. Ra2 {39} Ke7 {28} 56. Ra7+ {97} Bd7+ {9}
57. Kb4 {38} Rh1 {68} 58. Ra2 {45} Rxh4 {32} 59. Kc5 {28} Rh2 {26} 60. Rf2 {30}
Rh1 {52} 61. Re2 {34} Rc1+ {35} 62. Kb4 {18} Kd6 {36} 63. Kb3 {35} Rb1+ {64}
64. Kc2 {25} Rb4 {17} 65. Kd2 {40} Bb5 {42} 66. Re1 {19} Rb2+ {49} 67. Kc3 {19}
Rxg2 {11} 68. Rb1 {12} Rg3+ {9} 69. Kd2 {33} Bd7 {36} 70. Rb6+ {52} Kc7 {79}
71. Rb4 {43} Re3 {131} 72. Rc4+ {30} Kd6 {7} 73. Rb4 {24} Ra3 {59} 74. Rb6+ {28
} Kc7 {7} 75. Rb4 {29} f3 {16} 76. Ke1 {8} Bg4 {18} 77. Rc4+ {21} Kd7 {11} 78.
Rb4 {59} Ra1+ {44} 79. Kf2 {6} Ra2+ {13} 80. Kg3 {32} Rg2+ {20} 0-1

[Event "Ch FRA 2024 Open C"]
[Site "ALPE D'HUEZ, France"]
[Date "2024.08.18"]
[Round "2.3"]
[White "ETIENNE, Benjamin"]
[Black "BOHLI, Adam"]
[Result "0-1"]
[ECO "B00"]
[WhiteElo "1789"]
[BlackElo "1843"]
[PlyCount "128"]
[EventDate "2024.??.??"]
[TimeControl "90/40+30:0"]

1. e4 {5} a6 {166} 2. Nf3 {113} c6 {10} 3. c4 {208} d5 {15} 4. exd5 {15} cxd5 {
2} 5. cxd5 {8} Nf6 {25} 6. Nc3 {9} Nxd5 {778} 7. Bc4 {520} Nxc3 {60} 8. bxc3 {
200} e6 {184} 9. a4 {361} Be7 {211} 10. O-O {142} Qc7 {197} 11. Bb3 {270} Nd7 {
586} 12. Ba3 {580} Bxa3 {124} 13. Rxa3 {73} O-O {53} 14. Bc2 {73} Qd6 {578} 15.
Ra1 {450} b6 {175} 16. d4 {446} Bb7 {12} 17. Qd3 {122} g6 {95} 18. Rfe1 {200}
Rac8 {91} 19. Rab1 {218} Bxf3 {576} 20. Qxf3 {127} Qc6 {9} 21. Re3 {450} Qxf3 {
7} 22. Rxf3 {5} Rc6 {478} 23. h4 {427} Rfc8 {60} 24. Rb3 {88} Rc4 {43} 25. Ra3
{32} Kg7 {138} 26. Bd1 {116} b5 {243} 27. axb5 {83} axb5 {82} 28. Rb3 {54} b4 {
83} 29. Rxb4 {76} Rxc3 {93} 30. Rxc3 {29} Rxc3 {1} 31. Ba4 {41} Nf6 {19} 32.
Bb5 {104} h5 {128} 33. Rb1 {125} Rc2 {44} 34. Rd1 {237} Ng4 {28} 35. d5 {188}
exd5 {60} 36. Rxd5 {44} Rxf2 {17} 37. Rd4 {120} Rb2 {35} 38. Bf1 {64} Ne3 {237}
39. g3 {89} Rb1 {45} 40. Rf4 {10} Re1 {460} 41. Kf2 {303} Rxf1+ {9} 42. Kxe3 {5
} Rxf4 {0} 43. Kxf4 {262} Kf6 {2} 44. g4 {162} hxg4 {15} 45. Kxg4 {7} Kg7 {491}
46. Kg5 {647} f6+ {65} 47. Kf4 {20} Kh7 {138} 48. Kf3 {168} Kg7 {26} 49. Kf4 {7
} Kh6 {7} 50. Kg4 {26} Kg7 {74} 51. Kf4 {14} Kf7 {173} 52. Kf3 {35} Kg7 {3} 53.
Kf4 {0} Kf7 {0} 54. Kf3 {407} Ke6 {65} 55. Kf4 {75} Kd5 {75} 56. Ke3 {121} Ke5
{12} 57. Kf3 {1} Kf5 {11} 58. Kg3 {6} Ke4 {8} 59. Kg4 {20} f5+ {81} 60. Kg5 {34
} f4 {2} 61. Kxg6 {8} f3 {3} 62. h5 {4} f2 {3} 63. h6 {9} f1=Q {5} 64. h7 {4}
Qf8 {5} 0-1

[Event "Ch FRA 2024 Open C"]
[Site "ALPE D'HUEZ, France"]
[Date "2024.08.18"]
[Round "2.4"]
[White "CARLO, Baptiste"]
[Black "DESMET, Cyprien"]
[Result "0-1"]
[ECO "D01"]
[WhiteElo "1787"]
[BlackElo "1839"]
[PlyCount "150"]
[EventDate "2024.??.??"]
[TimeControl "90/40+30:0"]

1. d4 {4} Nf6 {10} 2. Nc3 {10} d5 {11} 3. Bg5 {10} Nbd7 {31} 4. Nf3 {24} h6 {20
} 5. Bh4 {63} e6 {32} 6. e3 {29} Be7 {93} 7. Bd3 {53} c5 {60} 8. O-O {59} b6 {
128} 9. Ne5 {100} Nxe5 {445} 10. dxe5 {8} Nd7 {68} 11. Bxe7 {102} Qxe7 {8} 12.
f4 {50} a6 {198} 13. Qg4 {271} Bb7 {213} 14. a4 {273} h5 {347} 15. Qg3 {101} h4
{108} 16. Qg4 {77} O-O-O {449} 17. b3 {462} Nb8 {489} 18. Qe2 {586} Qd7 {0} 19.
a5 {91} b5 {116} 20. Qf2 {1174} Qc6 {506} 21. h3 {165} d4 {232} 22. Be4 {201}
Qc7 {321} 23. Bxb7+ {89} Qxb7 {47} 24. exd4 {52} cxd4 {101} 25. Ne2 {105} Qe4 {
445} 26. Qf3 {191} Qxf3 {214} 27. Rxf3 {5} Nc6 {89} 28. Rd3 {150} Rd7 {91} 29.
Rad1 {140} Rhd8 {22} 30. Kf2 {30} f6 {54} 31. exf6 {313} gxf6 {15} 32. g4 {345}
e5 {169} 33. Kf3 {252} Re7 {183} 34. Kg2 {281} Nb4 {49} 35. R3d2 {50} Nd5 {40}
36. Kg1 {108} b4 {84} 37. f5 {148} Kc7 {71} 38. Nc1 {163} Nc3 {119} 39. Re1 {79
} Red7 {139} 40. Nd3 {57} Nd5 {162} 41. Nc5 {31} Rd6 {104} 42. Ne6+ {23} Rxe6 {
10} 43. fxe6 {5} Kd6 {25} 44. Ree2 {228} Nf4 {65} 45. Re3 {189} Kxe6 {45} 46.
Rf3 {73} Rd5 {120} 47. Rdf2 {260} Rxa5 {71} 48. Rxf4 {27} exf4 {20} 49. Rxf4 {5
} Ra1+ {293} 50. Kg2 {88} Rd1 {104} 51. Rf2 {175} Ke5 {119} 52. Rf5+ {121} Ke6
{180} 53. Rf2 {54} a5 {198} 54. Re2+ {188} Kd5 {105} 55. Rf2 {39} Rc1 {371} 56.
Rd2 {153} Re1 {50} 57. Rf2 {68} Ke6 {87} 58. Rd2 {57} Re4 {24} 59. Rf2 {63} Re5
{32} 60. Rd2 {51} Kd5 {35} 61. Rf2 {27} Ke4 {282} 62. Rxf6 {53} d3 {15} 63.
cxd3+ {54} Kxd3 {6} 64. Rf5 {63} Re2+ {55} 65. Kg1 {75} Kc2 {153} 66. g5 {171}
Re3 {75} 67. Rxa5 {102} Kxb3 {18} 68. Rb5 {57} Rxh3 {40} 69. Kg2 {51} Rg3+ {47}
70. Kh2 {6} Ka3 {61} 71. Ra5+ {94} Kb2 {53} 72. Rb5 {26} b3 {36} 73. Rb8 {152}
Rxg5 {37} 74. Kh3 {16} Rg3+ {98} 75. Kxh4 {68} Rc3 {30} 0-1

[Event "Ch FRA 2024 Open C"]
[Site "ALPE D'HUEZ, France"]
[Date "2024.08.19"]
[Round "3.1"]
[White "BOHLI , Adam"]
[Black "ASSOUANE, Aksel"]
[Result "1/2-1/2"]
[ECO "A20"]
[WhiteElo "1843"]
[BlackElo "1795"]
[PlyCount "44"]
[EventDate "2024.??.??"]
[TimeControl "90/40+30:0"]

1. c4 {472} e5 {15} 2. g3 {33} Nc6 {19} 3. Bg2 {7} g6 {20} 4. h4 {85} h5 {189}
5. d3 {152} Bg7 {128} 6. Nc3 {11} Nge7 {153} 7. Bg5 {177} O-O {97} 8. Qd2 {32}
d6 {500} 9. Nd5 {722} f6 {66} 10. Bh6 {130} Nxd5 {163} 11. Bxg7 {550} Kxg7 {187
} 12. cxd5 {362} Ne7 {101} 13. d4 {144} c6 {819} 14. dxc6 {363} Nxc6 {90} 15.
d5 {337} Ne7 {62} 16. Nf3 {59} Qb6 {242} 17. O-O {295} Nf5 {106} 18. e3 {185}
Bd7 {437} 19. Rfc1 {41} Rac8 {109} 20. Ne1 {299} Rxc1 {655} 21. Rxc1 {18} Rc8 {
5} 22. Rxc8 {75} Bxc8 {74} 1/2-1/2

[Event "Ch FRA 2024 Open C"]
[Site "ALPE D'HUEZ, France"]
[Date "2024.08.19"]
[Round "3.2"]
[White "DESMET, Cyprien"]
[Black "CARREY, Alexandre"]
[Result "1-0"]
[ECO "B23"]
[WhiteElo "1839"]
[BlackElo "1780"]
[PlyCount "103"]
[EventDate "2024.??.??"]
[TimeControl "90/40+30:0"]

1. e4 {2} c5 {10} 2. Nc3 {8} Nc6 {42} 3. Bb5 {56} g6 {157} 4. Bxc6 {51} bxc6 {
121} 5. d4 {174} Bg7 {164} 6. Be3 {89} Rb8 {299} 7. b3 {319} Qa5 {302} 8. Nge2
{79} d6 {113} 9. O-O {95} cxd4 {53} 10. Bxd4 {87} Nf6 {86} 11. Qd2 {428} Ba6 {
400} 12. Rad1 {784} c5 {246} 13. Bxf6 {61} Bxf6 {356} 14. Nd5 {180} Qxd2 {80}
15. Nxf6+ {44} exf6 {9} 16. Rxd2 {9} c4 {655} 17. Rxd6 {683} Rb6 {117} 18. Rxb6
{861} axb6 {8} 19. Re1 {250} Ke7 {259} 20. Nc3 {133} cxb3 {366} 21. axb3 {167}
Rc8 {426} 22. Nd5+ {60} Ke6 {16} 23. Nb4 {279} Bb7 {47} 24. f4 {52} Rd8 {64}
25. Nd3 {45} Rd4 {230} 26. e5 {107} Be4 {154} 27. exf6 {157} Kxf6 {86} 28. Rd1
{48} Ke6 {181} 29. g3 {44} Bxd3 {254} 30. Kf2 {329} Kd5 {491} 31. c3 {145} Re4
{123} 32. Rxd3+ {10} Kc6 {58} 33. Re3 {49} Kd5 {46} 34. Kf3 {50} Rxe3+ {239}
35. Kxe3 {9} f5 {9} 36. Kd3 {104} h6 {141} 37. c4+ {115} Kc5 {14} 38. Kc3 {14}
g5 {35} 39. b4+ {39} Kc6 {53} 40. Kd4 {45} gxf4 {30} 41. gxf4 {14} Kd6 {10} 42.
c5+ {17} bxc5+ {7} 43. bxc5+ {7} Kc6 {32} 44. Ke5 {37} Kxc5 {21} 45. Kxf5 {9}
Kd6 {14} 46. Kf6 {43} h5 {46} 47. f5 {179} h4 {39} 48. Kg7 {22} Ke5 {54} 49. f6
{15} Kf4 {6} 50. f7 {45} Kf3 {24} 51. f8=Q+ {11} Kg2 {8} 52. Qf4 {86} 1-0

[Event "Ch FRA 2024 Open C"]
[Site "ALPE D'HUEZ, France"]
[Date "2024.08.19"]
[Round "3.3"]
[White "ALEXANDRE, Jacques Jr"]
[Black "SABAPATHEE, Florian"]
[Result "0-1"]
[ECO "A13"]
[WhiteElo "1834"]
[BlackElo "1776"]
[PlyCount "74"]
[EventDate "2024.??.??"]
[TimeControl "90/40+30:0"]

1. Nf3 {2} Nf6 {49} 2. b3 {8} c5 {130} 3. e3 {51} Nc6 {84} 4. Bb2 {18} e6 {176}
5. c4 {86} d5 {173} 6. cxd5 {23} exd5 {110} 7. Bb5 {29} Be7 {266} 8. Ne5 {307}
Qb6 {249} 9. Bxc6+ {147} bxc6 {3} 10. O-O {154} O-O {61} 11. Ba3 {200} Bd6 {778
} 12. d4 {38} Bxe5 {304} 13. Bxc5 {27} Qxc5 {268} 14. dxc5 {41} Bxa1 {3} 15.
Na3 {149} Be5 {100} 16. Qd3 {66} Ne4 {150} 17. f3 {546} Nxc5 {246} 18. Qc2 {13}
Bd6 {1002} 19. b4 {25} Ba6 {45} 20. Rd1 {946} Ne6 {118} 21. Qc3 {20} c5 22.
Qxc5 {0} Be2 {54} 23. Qc6 {0} Bc7 {924} 24. Rb1 {0} Ba6 {749} 25. b5 {474} Bb6
{0} 26. Qxd5 {45} Rac8 {0} 27. Qe5 {586} Rfd8 {0} 28. Nc4 {772} Rd3 {0} 29.
bxa6 {0} Rxc4 {0} 30. Qe4 {716} Rc2 {0} 31. Qb7 Rxe3 32. Qa8+ {0} Nf8 {82} 33.
Kf1 {38} Re6 {84} 34. Qb7 {93} Rf2+ {69} 35. Kg1 {10} Rb2+ {21} 36. Qxb6 {17}
Rbxb6 {8} 37. Ra1 {37} Rb2 {14} 0-1

[Event "Ch FRA 2024 Open C"]
[Site "ALPE D'HUEZ, France"]
[Date "2024.08.19"]
[Round "3.4"]
[White "PUDDU ABRIGO, Raphael"]
[Black "DETRAIT, Aurelien"]
[Result "1-0"]
[ECO "C11"]
[WhiteElo "1776"]
[BlackElo "1770"]
[PlyCount "140"]
[EventDate "2024.??.??"]
[TimeControl "90/40+30:0"]

1. e4 {1} e6 {29} 2. d4 {4} d5 {4} 3. Nc3 {4} Nf6 {5} 4. e5 {7} Nfd7 {5} 5. Nf3
{9} c5 {457} 6. dxc5 {2} Bxc5 {74} 7. Bd3 {21} Nc6 {366} 8. Bf4 {27} h6 {102}
9. h4 {800} a6 {227} 10. Rb1 {437} b5 {151} 11. Qe2 {1517} Qe7 {355} 12. Rh3 {
380} Nb4 {1300} 13. Rg3 {685} Nxd3+ {9} 14. Qxd3 {0} Qf8 {705} 15. Kf1 {252}
Bb7 {108} 16. Ne2 {114} Ba7 {426} 17. b4 {375} Nb6 {296} 18. Be3 {108} Nc4 {2}
19. Bxa7 {6} Rxa7 {7} 20. Ned4 {38} g6 {212} 21. c3 {95} Qe7 {77} 22. Nb3 {57}
Qc7 {51} 23. Qd4 {81} Ra8 {124} 24. Nc5 {273} a5 {237} 25. bxa5 {127} Rxa5 {20}
26. a4 {5} Bc6 {132} 27. axb5 {127} Na3 {323} 28. b6 {82} Qb8 {93} 29. Rb2 {59}
Bb5+ {125} 30. Nd3 {93} Nc4 {32} 31. Rb4 {1} Qxb6 {64} 32. Rxc4 {41} Qa6 {0}
33. Rb4 {125} Bxd3+ {1} 34. Kg1 {0} O-O {74} 35. h5 {83} Ra1+ {45} 36. Kh2 {1}
Be4 {102} 37. Nd2 {261} Bf5 {83} 38. Qe3 {75} Kg7 {69} 39. Rh4 {39} Rh8 {2} 40.
Rb4 {159} Ra4 {58} 41. Rxa4 {78} Qxa4 {130} 42. Nf3 {38} Rf8 {860} 43. Nd4 {122
} Bb1 {186} 44. Qf4 {327} Qe8 {24} 45. Qf6+ {507} Kg8 {191} 46. Rh3 {173} Qd8 {
74} 47. Qxd8 {0} Rxd8 {16} 48. hxg6 {0} Bxg6 {21} 49. Rxh6 {2} Kg7 {21} 50. Rh3
{29} Ra8 {27} 51. Re3 {56} Ra2 {15} 52. Kg3 {40} Ra1 {18} 53. Nb5 {397} Rd1 {
214} 54. Nd6 {160} Rd3 {237} 55. Rxd3 {2} Bxd3 {0} 56. Kf4 {56} Bc2 {157} 57.
Kg5 {25} Ba4 {105} 58. f4 {109} Bc6 {50} 59. g4 {1} Ba4 {11} 60. f5 {156} Bd7 {
16} 61. Nb7 {91} Bc8 {51} 62. Nc5 {32} exf5 {74} 63. gxf5 {0} Kg8 {19} 64. Kf6
{70} Kf8 {2} 65. Nd3 {28} Ke8 {29} 66. Nf4 {30} Bb7 {1} 67. Nh3 {15} Bc8 {75}
68. Ng5 {23} Kf8 {15} 69. Nxf7 {24} Bb7 {18} 70. e6 {35} Bc8 {9} 1-0

[Event "Ch FRA 2024 Open C"]
[Site "ALPE D'HUEZ, France"]
[Date "2024.08.20"]
[Round "4.1"]
[White "SABAPATHEE, Florian"]
[Black "DESMET, Cyprien"]
[Result "1/2-1/2"]
[ECO "C22"]
[WhiteElo "1776"]
[BlackElo "1839"]
[PlyCount "58"]
[EventDate "2024.??.??"]
[TimeControl "90/40+30:0"]

1. e4 {5} e5 {14} 2. d4 {98} exd4 {28} 3. Qxd4 {2} Nc6 {31} 4. Qd3 {9} Nf6 {48}
5. Nc3 {21} Bb4 {135} 6. Nge2 {248} d6 {160} 7. Bg5 {227} Be6 {237} 8. O-O-O {
325} Qd7 {452} 9. f4 {475} Ng4 {585} 10. Bh4 {772} Bc5 {383} 11. f5 {817} Nce5
{306} 12. Qh3 {141} Be3+ {711} 13. Kb1 {32} Bc4 {61} 14. Nd4 {271} h5 {363} 15.
Bxc4 {428} Nxc4 {11} 16. Nd5 {770} Nd2+ {977} 17. Ka1 {53} Bxd4 {77} 18. Rxd2 {
49} Be5 {142} 19. Qa3 {380} Qc6 {141} 20. Rhd1 {241} Nf6 {95} 21. Bxf6 {62}
gxf6 {11} 22. Qh3 {161} h4 {239} 23. Qg4 {127} Qc4 {97} 24. Qg7 {218} O-O-O {98
} 25. Qxf7 {38} Kb8 {50} 26. Kb1 {129} Rdf8 {95} 27. Qg7 {24} Rfg8 {32} 28. Qf7
{19} Rf8 {40} 29. Qg7 {46} Rfg8 {31} 1/2-1/2

[Event "Ch FRA 2024 Open C"]
[Site "ALPE D'HUEZ, France"]
[Date "2024.08.20"]
[Round "4.2"]
[White "GIRAUD, Antoine"]
[Black "PUDDU ABRIGO, Raphael"]
[Result "1/2-1/2"]
[ECO "B01"]
[WhiteElo "1737"]
[BlackElo "1776"]
[PlyCount "42"]
[EventDate "2024.??.??"]
[TimeControl "90/40+30:0"]

1. e4 {29} d5 {1} 2. exd5 {30} Nf6 {1} 3. d4 {39} Nxd5 {0} 4. Nf3 {82} g6 {46}
5. Be2 {207} Bg7 {10} 6. c4 {179} Nb6 {1} 7. h3 {50} O-O {185} 8. O-O {209} Nc6
{196} 9. Be3 {840} e5 {190} 10. Nxe5 {400} Nxe5 {147} 11. dxe5 {13} Bxe5 {23}
12. Nc3 {218} Be6 {334} 13. c5 {396} Nc4 {387} 14. Bxc4 {272} Bxc4 {0} 15. Re1
{18} Re8 {647} 16. Qf3 {394} c6 {130} 17. Bh6 {226} Qh4 {625} 18. Re4 {291}
Qxh6 {100} 19. Rxc4 {71} Bxc3 {413} 20. Rxc3 {525} Rad8 {354} 21. Rd1 {907} Qg5
{0} 1/2-1/2

[Event "Ch FRA 2024 Open C"]
[Site "ALPE D'HUEZ, France"]
[Date "2024.08.20"]
[Round "4.3"]
[White "PERUSSET, Barbara"]
[Black "GHOMRANI, Nasser"]
[Result "1-0"]
[ECO "C47"]
[WhiteElo "1828"]
[BlackElo "1787"]
[PlyCount "49"]
[EventDate "2024.??.??"]
[TimeControl "90/40+30:0"]

1. e4 {14} e5 {162} 2. Nf3 {23} Nc6 {6} 3. Nc3 {46} Nf6 {7} 4. d4 {19} exd4 {12
} 5. Nxd4 {7} Bb4 {96} 6. Nxc6 {44} bxc6 {10} 7. Bd3 {69} h6 {675} 8. O-O {249}
O-O {12} 9. e5 {725} Nd5 {167} 10. Nxd5 {80} cxd5 {6} 11. Qg4 {30} Qe7 {1328}
12. Bxh6 {492} g6 {542} 13. Bxf8 {837} Qxf8 {13} 14. h4 {164} Bd2 {69} 15. h5 {
337} g5 {457} 16. f4 {351} Qg7 {93} 17. Qxg5 {167} Qxg5 {87} 18. fxg5 {4} Bxg5
{7} 19. Rf3 {31} Bh6 {1710} 20. Raf1 {67} d6 {4} 21. Rxf7 {165} dxe5 {19} 22.
Rxc7 {1236} Bg4 {16} 23. Bf5 {78} Bxf5 {242} 24. Rxf5 {12} Re8 {372} 25. Kf1 {
75} 1-0

[Event "Ch FRA 2024 Open C"]
[Site "ALPE D'HUEZ, France"]
[Date "2024.08.20"]
[Round "4.4"]
[White "LEVY, Theo"]
[Black "NEGRE, Maxime"]
[Result "1-0"]
[ECO "A11"]
[WhiteElo "1800"]
[BlackElo "1779"]
[PlyCount "33"]
[EventDate "2024.??.??"]
[TimeControl "90/40+30:0"]

1. c4 {19} c6 {27} 2. g3 {52} d5 {39} 3. cxd5 {30} cxd5 {7} 4. d4 {78} Nf6 {222
} 5. Bg2 {66} Bf5 {126} 6. Nf3 {149} h6 {142} 7. Qb3 {175} Qc7 {230} 8. Bf4 {
160} Qc8 {170} 9. Nc3 {142} e6 {111} 10. Nb5 {58} Na6 {90} 11. Rc1 {270} Bb4+ {
252} 12. Kd1 {1060} Qd8 {230} 13. Nc7+ {184} Nxc7 {24} 14. Qxb4 {24} a5 {367}
15. Qxb7 {202} Na6 {52} 16. Bd6 {566} Ne4 {401} 17. Qc6+ {16} 1-0